cohdb
Replays
Latest Replays
All Replays
Popular Replays
Top Player Replays
Match Explorer
How It Works
Community
CoH3 Stats
Reddit
Sign in to upload your games and track your stats! →
Sign in with Steam
Match 41850079
Unlisted
Match 41850079
Overview
Messages
Build Orders
End
Pioneer Squad
Construct Infanterie Kompanie
MG 42 Machine Gun Team
Grenadier Squad
Grenadier Squad
Selects Breakthrough Battlegroup
Selects Assault Grenadiers
Grenadier Squad
Infanterie Officer Quarters
Construct Panzergrenadier Kompanie
Selects Breakthrough
251 Medium Carrier
Pak 40 Anti-tank Gun Team
Selects Mechanized Assault Group
Mechanized Assault Group
Support Elements
Nebelwerfer 42 Rocket Launcher Team
StuG III G Assault Gun
Selects Rapid Production
Panzergrenadier Officer Quarters
Selects Blitzkrieg
Selects Tiger Heavy Tank
Tiger Heavy Tank
StuG III G Assault Gun
Mechanized Assault Group
Nebelwerfer 42 Rocket Launcher Team
Blitzkrieg
Breakthrough
Pioneer Squad
Doge
MinisteriumfürStaatssicherheit
HulkSMASH
⚓️Ruby⚓
0
0
Comments
sign in to comment!
No comments posted yet!